 Dungeon Crawl Stone Soup version 0.19-a0-1268-g6c5d9f8 (console) character file.

163 flowsnake the Charlatan (level 5, -4/43 HPs)
             Began as a Kobold Artificer on Aug 29, 2016.
             Was an Initiate of Qazlal.
             Slain by a worker ant (5 damage)
             ... on level 4 of the Dungeon.
             The game lasted 00:12:24 (4025 turns).

flowsnake the Charlatan (Kobold Artificer)          Turns: 4025, Time: 00:12:25

Health: -4/43      AC: 22    Str: 11    XL:     5   Next: 73%
Magic:  8/8        EV:  3    Int: 10    God:    Qazlal [......]
Gold:   144        SH:  0    Dex: 16    Spells: 1 memorised, 2 levels left

rFire  + . .     SeeInvis .     a - +1 short sword
rCold  . . .     Gourm    .     (armour currently unavailable)
rNeg   + + +     Faith    .     (shield restricted)
rPois  +         Spirit   .     (helmet currently unavailable)
rElec  .         Dismiss  .     (cloak currently unavailable)
rCorr  .         Reflect  .     (gloves currently unavailable)
MR     .....     Harm     .     (boots currently unavailable)
Stlth  +++....... NoTele   +    (no amulet)
                                (no ring)
                                j - ring of protection from fire

@: lethally poisoned (-4 -> -9), tree-form
A: carnivore 3
a: Renounce Religion


You were on level 4 of the Dungeon.
You worshipped Qazlal.
Qazlal was noncommittal.
You were completely stuffed.
You were a tree.
You visited 1 branch of the dungeon, and saw 4 of its levels.

You collected 144 gold pieces.

Inventory:

Hand Weapons
 a - a +1 short sword (weapon)
Armour
 b - a +0 leather armour (melded)
 p - a +0 helmet (melded)
Jewellery
 j - a ring of protection from fire (left branch)
Wands
 c - a wand of flame (10/48)
 d - a wand of enslavement (7/24)
 e - a wand of random effects (13/48)
Potions
 h - a potion of lignification
 i - a potion of brilliance
 m - a potion of cancellation
 o - a potion of berserk rage
Books
 n - a book of Clouds

   Spells                             Type                      Level
   a - Mephitic Cloud                 Conjuration/Poison/Air       3
   b - Conjure Flame                  Conjuration/Fire             3
   c - Poisonous Cloud                Conjuration/Poison/Air       6
   d - Freezing Cloud                 Conjuration/Ice/Air          6
   e - Ring of Flames                 Charms/Fire                  7
Comestibles
 f - 3 meat rations
 l - a slice of pizza


   Skills:
 + Level 1.5 Fighting
 + Level 2.4 Short Blades
 - Level 1.0 Armour
 + Level 3.7 Dodging
 + Level 1.9 Stealth
 * Level 0.6 Spellcasting
 * Level 0.6 Conjurations
 * Level 0.4 Air Magic
 * Level 1.3 Poison Magic
 + Level 4.7 Evocations


You had 2 spell levels left.
You knew the following spells:

 Your Spells              Type           Power        Failure   Level  Hunger
a - Mephitic Cloud        Conj/Pois/Air  #.......     86%         3    ####...


Dungeon Overview and Level Annotations

Branches:
Dungeon (4/15)
 Temple: D:4-7

Altars:
Ashenzari
Qazlal

Annotations:
D:3 Grinder


Innate Abilities, Weirdness & Mutations

You are small and have problems with some larger weapons.
You are carnivorous and can eat meat at any time.


Message History

Something poisons you! Something bites you but does no damage.
You hit something.
* * * LOW HITPOINT WARNING * * *
You feel sick. Something bites you but does no damage.
The orc wizard gestures at you while chanting.
You resist with some effort.
You barely miss something.
* * * LOW HITPOINT WARNING * * *
You feel sick. Something bites you.
* * * LOW HITPOINT WARNING * * *
The orc wizard points at you and mumbles some strange words.
The magic dart hits you!
You closely miss something.
* * * LOW HITPOINT WARNING * * *
You feel sick. Something bites you but does no damage.
You hit something but do no damage. Something bites you but does no damage.
You miss something.
* * * LOW HITPOINT WARNING * * *
You feel sick. Something bites you but does no damage. Something bites you.
You die... ·······█████ ··········· ·······█··██████ ··!··S·········· █·Z······Z···· █·········█ █·········█ █····a██[██ █···o· █)█ █····· █)█ · █····· █·█ █<· █····· █Z█ ··) ██████

█·█ ·· █·███████·████·
█O██ZO{♣o······
█·██·████·█████
██████████████·██·████···
█············o··ζ··········
█·███████████████·████████··
█·█ █·█ [ █·█ █·█ █·█ █·█
█·█ █·█ █·█ █·█ █·█ █·█ █≈
█·█ █·█


█ζ██ █·█ █·█ █ζζ█ █·█ █·█ ██████≈█████·█ █·█ You could see an ogre, an orc
wizard and a centaur skeleton.

Vanquished Creatures
  An orc priest (D:4)
  A worker ant (D:1)
  3 adders
  2 oozes
  A worm (D:2)
  A dart slug (D:1)
  3 giant geckos
  2 orcs (D:4)
  3 bats
  6 giant cockroaches
  6 goblins
  8 hobgoblins
  2 jackals
  A quokka (D:2)
  3 ball pythons
  2 giant newts
  8 kobolds
  11 rats
64 creatures vanquished.

Vanquished Creatures (others)
  A ball python (D:4)
  A giant cockroach (D:4)
  A quokka (D:4)
3 creatures vanquished.

Grand Total: 67 creatures vanquished

Notes
Turn   | Place    | Note
-------+----------+-------------------------------------------
     0 | D:1      | flowsnake the Kobold Artificer began the quest for the Orb.
     0 | D:1      | Reached XP level 1. HP: 12/12 MP: 3/3
   240 | D:1      | Reached skill level 4 in Evocations
   376 | D:1      | Reached XP level 2. HP: 16/16 MP: 5/5
   631 | D:1      | Reached XP level 3. HP: 20/20 MP: 6/6
  1240 | D:1      | Reached XP level 4. HP: 25/25 MP: 7/7
  1966 | D:2      | Learned a level 3 spell: Mephitic Cloud
  1971 | D:2      | Found a stormy altar of Qazlal.
  1977 | D:2      | Became a worshipper of Qazlal Stormbringer
  2001 | D:2      | Found a shattered altar of Ashenzari.
  2038 | D:2      | Reached skill level 1 in Armour
  2526 | D:2      | Reached XP level 5. HP: 22/29 MP: 8/8
  3500 | D:3      | Reached skill level 1 in Poison Magic
  3543 | D:3      | Noticed Grinder
  3547 | D:3      | Noticed an ogre
  3706 | D:4      | Noticed a phantom
  3975 | D:4      | Noticed an ogre
  4023 | D:4      | HP: 2/43 [poisoned by a worker ant]
  4025 | D:4      | Slain by a worker ant

Vault maps used:
D:1:      nicolae_arrival_somewhat_less_tricky_arrival, item_on_display_a
D:2:      grunt_qazlal_clouds, evilmike_ruin_ashenzari, first_bread,
          grunt_decor_arrowhead
D:3:      serial_glass, glass_columns_c, glass_columns_a,
          uniq_crazy_yiuf_cottage, uniq_grinder
D:4:      lemuel_another_geyser

Skill      XL: |  1  2  3  4  5 |
---------------+----------------+-----
Evocations     | 4 |  4.7
Dodging        | 3 |  3.7
Short Blades   | 2 |  2.4
Armour         | 1 |  1.0
Poison Magic   | 1 |  1.3
Fighting       | |  1.5
Stealth        | |  1.9
Spellcasting   | |  0.6
Conjurations   | |  0.6
Air Magic      | |  0.4

Action                   |  1- 3 |  4- 6 || total
-------------------------+-------+-------++-------
Melee: Short sword       |    68 |   196 ||   264
Evoke: Wand              |     6 |     9 ||    15
  Use: Scroll            |     4 |     7 ||    11
       Potion            |       |     2 ||     2
 Stab: Sleeping          |     1 |     2 ||     3
  Eat: Chunk             |     9 |     9 ||    18
Armor: Leather armour    |     7 |    29 ||    36
       Skin              |       |    24 ||    24
Dodge: Dodged            |    46 |   136 ||   182
